 Dungeon Crawl Stone Soup version 0.21.1-1-g345015f (webtiles) character file.

11779 Dharzhak the Geomancer (level 11, -6/56 HPs)
             Began as a Gargoyle Earth Elementalist on May 7, 2018.
             Was a Priest of Vehumet.
             Mangled by a seven-headed hydra (10 damage)
             ... on level 11 of the Dungeon on May 8, 2018.
             The game lasted 01:01:57 (14764 turns).

Dharzhak the Geomancer (GrEE)                      Turns: 14764, Time: 01:01:58

Health: -6/56      AC: 14    Str: 11    XL:     11   Next: 83%
Magic:  0/43       EV: 14    Int: 28    God:    Vehumet [***...]
Gold:   504        SH:  0    Dex: 10    Spells: 14/30 levels left

rFire    . . .     SeeInvis +   s - +0 war axe (flame)
rCold    + . .     Gourm    .   (no shield)
rNeg     + . .     Faith    .   l - +1 leather armour
rPois    ∞         Spirit   +   (no helmet)
rElec    +         Reflect  .   U - +0 cloak
rCorr    .         Harm     .   (no gloves)
MR       .....                  v - +0 pair of boots
Stlth    ++........             J - amulet of Liteqyedgh {Spirit rC+ Int+8 SInv}
HPRegen  0.18/turn              y - ring of magical power
MPRegen  0.28/turn              K - ring of magical power

@: no status effects
A: negative energy resistance 1, electricity resistance, unbreathing,
petrification resistance, rot immunity, AC +8
a: Renounce Religion


You were on level 11 of the Dungeon.
You worshipped Vehumet.
Vehumet was most pleased with you.
You were not hungry.

You visited 2 branches of the dungeon, and saw 12 of its levels.

You collected 504 gold pieces.

Inventory:

Hand Weapons
 c - a +0 scythe of freezing
 s - a +0 war axe of flaming (weapon)
 O - a +2 battleaxe of flaming
Missiles
 b - 68 stones
 p - 6 tomahawks
 B - 4 javelins (quivered)
 D - 4 poisoned tomahawks
Armour
 k - a +0 shield
 l - a +1 leather armour (worn)
 v - a +0 pair of boots (worn)
 U - a +0 cloak (worn)
 X - a +1 robe of cold resistance
Magical Staves
 P - an uncursed staff of air
Jewellery
 g - an uncursed amulet of the gourmand
 y - a ring of magical power (left hand)
 J - the amulet of Liteqyedgh (around neck) {Spirit rC+ Int+8 SInv}
   (You took it off an orc wizard on level 7 of the Dungeon)

   [amulet of guardian spirit]

   It causes incoming damage to be split between your health and magic.
   It affects your intelligence (+8).
   It protects you from cold.
   It lets you see invisible.
 K - a ring of magical power (right hand)
 L - an uncursed amulet of harm {unknown}
 M - an uncursed ring of protection from magic
Wands
 q - a wand of polymorph (25)
 E - a wand of flame (24)
 Q - a wand of iceblast (3)
 W - a wand of enslavement (11)
Scrolls
 a - 4 scrolls of teleportation
 f - 3 scrolls of magic mapping {unknown}
 h - 5 scrolls of remove curse
 i - 3 scrolls of immolation {unknown}
 m - a scroll of fear {unknown}
 o - 2 scrolls of noise {unknown}
 t - 2 scrolls of blinking {unknown}
 x - 3 scrolls of enchant armour
 F - a scroll of random uselessness {unknown}
 G - a scroll of amnesia {unknown}
 I - 2 scrolls of fog {unknown}
 T - a scroll of vulnerability {unknown}
 Y - a scroll of holy word {unknown}
Potions
 j - 2 potions of lignification
 n - 6 potions of heal wounds
 r - 3 potions of curing
 u - 3 potions of agility {unknown}
 w - 3 potions of flight
 z - 2 potions of degeneration {unknown}
 C - a potion of invisibility {unknown}
 H - a potion of brilliance {unknown}
 N - a potion of cancellation {unknown}
 R - 3 potions of haste {unknown}
 S - a potion of mutation {unknown}
Books
 e - a book of Geomancy

   Spells                             Type                      Level
   a - Sandblast                      Earth                        1
   b - Passwall                       Transmutation/Earth          2
   c - Stone Arrow                    Conjuration/Earth            3
   d - Petrify                        Transmutation/Earth          4
   e - Lee's Rapid Deconstruction     Earth                        5
 A - a book of Air

   Spells                             Type                      Level
   a - Shock                          Conjuration/Air              1
   b - Swiftness                      Charms/Air                   2
   c - Static Discharge               Conjuration/Air              3
   d - Airstrike                      Air                          4
   e - Lightning Bolt                 Conjuration/Air              5
Comestibles
 d - 19 rations
 V - 11 chunks of flesh


   Skills:
 + Level 1.3 Fighting
 + Level 2.4 Axes
 + Level 1.5 Throwing
 + Level 3.2 Armour
 * Level 6.0 Dodging
 + Level 4.1 Stealth
 * Level 10.3 Spellcasting
 * Level 6.0 Conjurations
 + Level 0.7 Transmutations
 * Level 12.5 Earth Magic


You had 14 spell levels left.
You knew the following spells:

 Your Spells              Type           Power        Failure   Level  Hunger
a - Sandblast             Erth           ######       1%          1    None
b - Passwall              Tmut/Erth      ######....   1%          2    None
c - Stone Arrow           Conj/Erth      ######       1%          3    None
d - Lee's Rapid Deconstr  Erth           ######....   1%          5    ###....
e - Magic Dart            Conj           ####         1%          1    None
f - Fulminant Prism       Conj/Hex       ####......   4%          4    None


Dungeon Overview and Level Annotations

Branches:
Dungeon (11/15)            Temple (1/1) D:7            Lair (0/6) D:11
    Orc: D:9-12

Altars:
Ashenzari
Cheibriados
Dithmenos
Elyvilon
Fedhas
Gozag
Hepliaklqana
Kikubaaqudgha
Makhleb
Nemelex Xobeh
Okawaru
Qazlal
Ru
Sif Muna
Trog
Uskayaw
Vehumet
Wu Jian
Yredelemnul
Zin
The Shining One


Innate Abilities, Weirdness & Mutations

You are resistant to torment.
Your stone body is resilient. (AC +8)
You are immune to poison.
You resist negative energy. (rN+)
You are resistant to electric shocks. (rElec)
You can survive without breathing.
You are immune to petrification.
You are immune to rotting.


Message History

The seven-headed hydra closely misses you.
The seven-headed hydra barely misses you.
The seven-headed hydra bites you!
* * * LOW HITPOINT WARNING * * *
The seven-headed hydra bites you!
* * * LOW HITPOINT WARNING * * *
The seven-headed hydra bites you!
* * * LOW HITPOINT WARNING * * *
The seven-headed hydra closely misses you. x2
The seven-headed hydra misses you.
Okay, then.
As you read the scroll labeled BOCUMN YMEMUO, it crumbles to dust.
It is a scroll of enchant armour.
Your +0 leather armour glows green for a moment.
The seven-headed hydra barely misses you.
The seven-headed hydra bites you.
* * * LOW HITPOINT WARNING * * *
The seven-headed hydra bites you but does no damage. x3
The seven-headed hydra bites you!
You die...

#.# #.# #.###.#.#.
.# .# #.#
#.#.#.#.###.# #.#
#.# #.# #.###.###.#.
#.# #.#
#.#.#.#.#.#.### #.#
#.# #.###.###.###.
#.#
#.#.#.#.#.#.#.#.#
#.# #.###.###.###.##
#Y#.#.#.#.#.#.#.#.#
#@###.###.###.###.
#D#.#.#.#.#.#.#)#.#
#$###.###:###.###.##
## ### ### ### ###


You could see a seven-headed hydra and a sky beast.

Vanquished Creatures
  Nergalle (D:10)
  2 unseen horrors (D:11)
  The ghost of Fang the Basher, a novice GrBe of Trog (D:7)
  An oklob plant (D:6)
  2 cyclopes
  An elephant (D:11)
  A centaur skeleton (D:10)
  A troll (D:11)
  Prince Ribbit (D:5)
  4 hippogriffs
  Sigmund (D:2)
  A wraith (D:10)
  6 yaks (D:10)
  2 basilisks (D:11)
  2 water moccasins
  Edmund (D:5)
  3 ice beasts
  A necrophage (D:11)
  5 orc warriors
  A black bear (D:10)
  3 sky beasts
  2 ogres
  The ghost of anselm the Ruffian, an amateur DrTm (D:3)
  6 centaurs
  3 big kobolds
  8 bullfrogs
  2 scorpions
  4 killer bees (D:10)
  4 wights (D:8)
  6 howler monkeys
  4 crimson imps
  4 centaur zombies
  4 jellies
  2 bullfrog zombies
  A quasit (D:3)
  6 hounds
  9 orc wizards
  9 orc priests
  2 bullfrog skeletons
  Ijyb (D:5)
  3 iguanas
  7 worker ants
  A hound zombie (D:9)
  2 hound skeletons (D:4)
  A howler monkey zombie (D:7)
  A gnoll (D:1)
  9 adders
  A shadow imp (D:3)
  An ooze (D:1)
  2 adder skeletons (D:4)
  5 dart slugs
  7 leopard geckos
  35 orcs
  2 bat zombies (D:7)
  3 giant cockroaches
  7 goblins
  7 hobgoblins
  18 jackals
  2 quokkas
  5 bats
  6 frilled lizards
  A jackal skeleton (D:5)
  19 kobolds
  A leopard gecko zombie (D:3)
  A quokka zombie (D:5)
  7 rats
  A rat zombie (D:7)
274 creatures vanquished.

Notes
Turn   | Place    | Note
-------+----------+-------------------------------------------
     0 | D:1      | Dharzhak the Gargoyle Earth Elementalist began the quest for the Orb.
     0 | D:1      | Reached XP level 1. HP: 10/10 MP: 3/3
    19 | D:1      | Reached skill level 4 in Earth Magic
    77 | D:1      | Reached XP level 2. HP: 10/15 MP: 0/5
   510 | D:1      | Learned a level 2 spell: Passwall
   524 | D:1      | Reached XP level 3. HP: 16/19 MP: 0/6
  1177 | D:2      | Reached XP level 4. HP: 24/24 MP: 5/8
  1206 | D:2      | Learned a level 3 spell: Stone Arrow
  1212 | D:2      | Reached skill level 5 in Earth Magic
  1744 | D:2      | Noticed Sigmund
  1757 | D:2      | Killed Sigmund
  1757 | D:2      | Reached XP level 5. HP: 6/28 MP: 0/10
  2316 | D:3      | Noticed an ogre
  2426 | D:3      | Noticed anselm's ghost (amateur DrTm)
  2442 | D:3      | Found a transporter.
  2447 | D:3      | Found a transporter.
  2479 | D:3      | Learned a level 5 spell: Lee's Rapid Deconstruction
  2483 | D:3      | Found an opulent altar of Gozag.
  2501 | D:3      | Reached XP level 6. HP: 26/32 MP: 8/11
  2738 | D:3      | Found a stormy altar of Qazlal.
  3291 | D:3      | Killed anselm's ghost
  3291 | D:3      | Reached skill level 1 in Armour
  3291 | D:3      | Reached skill level 6 in Earth Magic
  3469 | D:3      | Found an ornate altar of the Wu Jian Council.
  4041 | D:3      | Reached XP level 7. HP: 32/36 MP: 13/13
  4584 | D:4      | Reached skill level 1 in Axes
  5003 | D:4      | Found a snail-covered altar of Cheibriados.
  5185 | D:5      | Entered Level 5 of the Dungeon
  5221 | D:5      | Noticed Prince Ribbit
  5225 | D:5      | Killed Prince Ribbit
  5225 | D:5      | Reached skill level 7 in Earth Magic
  5225 | D:5      | Reached XP level 8. HP: 35/42 MP: 7/15
  5226 | D:5      | Noticed Ijyb
  5285 | D:4      | Reached skill level 1 in Fighting
  5285 | D:4      | Reached skill level 5 in Spellcasting
  5328 | D:5      | Noticed Edmund
  5337 | D:5      | Killed Edmund
  5839 | D:5      | Killed Ijyb
  5991 | D:5      | Reached skill level 1 in Conjurations
  6224 | D:5      | Reached skill level 8 in Earth Magic
  6226 | D:5      | Reached skill level 1 in Throwing
  6234 | D:5      | Found a blossoming altar of Fedhas.
  6920 | D:6      | Reached XP level 9. HP: 15/47 MP: 18/18
  6924 | D:6      | Noticed an oklob plant
  7361 | D:6      | Found a hide-covered altar of Uskayaw.
  8569 | D:6      | Found a deep blue altar of Sif Muna.
  9209 | D:3      | Reached skill level 9 in Earth Magic
  9525 | D:6      | Killed an oklob plant
  9698 | D:7      | Noticed Fang's ghost (novice GrBe)
  9717 | D:7      | Killed Fang's ghost
  9966 | D:7      | Found a staircase to the Ecumenical Temple.
  9980 | Temple   | Entered the Ecumenical Temple
  9987 | Temple   | Became a worshipper of Vehumet
 10008 | D:7      | Reached skill level 10 in Earth Magic
 10013 | D:7      | Reached XP level 10. HP: 52/52 MP: 14/21
 10168 | D:7      | Got a transparent bone amulet
 10188 | D:7      | Found a white marble altar of Elyvilon.
 10456 | D:7      | Found an ancient bone altar of Kikubaaqudgha.
 10868 | D:7      | Found a bloodstained altar of Trog.
 10901 | D:8      | Found a hazy altar of Hepliaklqana.
 10981 | D:8      | Noticed a cyclops
 10984 | D:8      | Killed a cyclops
 11174 | D:8      | Reached * piety under Vehumet
 11174 | D:8      | Offered knowledge of Sting by Vehumet.
 11473 | D:8      | Found a shadowy altar of Dithmenos.
 11989 | D:8      | Got an encrusted scale mail
 12008 | D:8      | Identified the amulet of Liteqyedgh {Spirit rC+ Int+8 SInv} (You took it off an orc wizard on level 7 of the Dungeon)
 12613 | D:9      | Reached skill level 5 in Dodging
 12881 | D:9      | Found a sacrificial altar of Ru.
 12954 | D:10     | Entered Level 10 of the Dungeon
 13102 | D:10     | Reached skill level 5 in Conjurations
 13102 | D:10     | Reached skill level 11 in Earth Magic
 13150 | D:10     | Reached ** piety under Vehumet
 13150 | D:10     | Offered knowledge of Magic Dart by Vehumet.
 13208 | D:10     | Learned a level 1 spell: Magic Dart
 13312 | D:10     | Reached XP level 11. HP: 56/56 MP: 24/24
 13525 | D:10     | Noticed Nergalle
 13538 | D:10     | Killed Nergalle
 13632 | D:10     | Offered knowledge of Dazzling Spray by Vehumet.
 13909 | D:10     | Reached *** piety under Vehumet
 14096 | D:11     | Noticed a cyclops
 14105 | D:11     | Killed a cyclops
 14105 | D:11     | Reached skill level 10 in Spellcasting
 14258 | D:11     | Found a staircase to the Lair.
 14263 | D:11     | Reached skill level 12 in Earth Magic
 14416 | D:11     | Identified the +4 scale mail of Honour {MR+} (You found it on level 8 of the Dungeon)
 14485 | D:11     | Noticed an unseen horror
 14489 | D:11     | Killed an unseen horror
 14489 | D:11     | Offered knowledge of Fulminant Prism by Vehumet.
 14490 | D:11     | Noticed an unseen horror
 14493 | D:11     | Killed an unseen horror
 14500 | D:11     | Learned a level 4 spell: Fulminant Prism
 14760 | D:11     | Noticed an eight-headed hydra
 14764 | D:11     | Mangled by a seven-headed hydra

Skill      XL: |  1  2  3  4  5  6  7  8  9 10 11 |
---------------+----------------------------------+-----
Earth Magic    | 4 5 6 7 8 10 11 12 | 12.5
Dodging        | 2 3 4 5 6 |  6.0
Spellcasting   | 3 4 6 7 9 10 | 10.3
Armour         | 1 2 3 |  3.2
Axes           | 1 2 |  2.4
Fighting       | 1 |  1.3
Stealth        | 3 4 |  4.1
Conjurations   | 1 3 5 6 |  6.0
Throwing       | 1 |  1.5
Transmutations | |  0.7

Action                   |  1- 3 |  4- 6 |  7- 9 | 10-12 || total
-------------------------+-------+-------+-------+-------++-------
Melee: Unarmed           |     7 |       |       |       ||     7
       Dagger            |    40 |    16 |       |       ||    56
       Scythe            |       |    54 |       |       ||    54
       War axe           |       |    36 |    48 |    39 ||   123
Throw: Tomahawk          |       |       |    12 |       ||    12
       Javelin           |       |       |     5 |     9 ||    14
       Stone             |       |       |     1 |       ||     1
 Cast: Sandblast         |    40 |    36 |    94 |    66 ||   236
       Stone Arrow       |       |     8 |    46 |    88 ||   142
       Lee's Rapid Decon |       |       |    10 |    37 ||    47
       Magic Dart        |       |       |       |     8 ||     8
  Use: Scroll            |       |     5 |     3 |     5 ||    13
       Potion            |       |     3 |       |       ||     3
 Stab: Sleeping          |     2 |     1 |       |     5 ||     8
  Eat: Chunk             |     1 |    19 |    17 |    18 ||    55
Armor: Robe              |    18 |       |       |       ||    18
       Leather armour    |     3 |    74 |    43 |    65 ||   185
       Skin              |       |    12 |       |       ||    12
Dodge: Dodged            |    54 |   115 |    65 |    81 ||   315
